 Dungeon Crawl Stone Soup version 0.31-a0-174-g85c54bcb58 (webtiles) character file.

Game seed: 16808685954130357468

25081 qw the Cleaver (level 13, -5/82 HPs)
             Began as a Gargoyle Fighter on June 15, 2023.
             Was an Elder of Okawaru.
             Slain by a death yak (15 damage)
             ... on level 3 of the Lair of Beasts.
             The game lasted 00:07:14 (14850 turns).

qw the Cleaver (Gargoyle Fighter)                  Turns: 14850, Time: 00:07:14

Health: -5/82      AC: 35    Str: 24    XL:     13   Next: 17%
Magic:  19/19      EV:  9    Int: 10    God:    Okawaru [****..]
Gold:   487        SH:  6    Dex:  9    Spells: 12/12 levels left

rFire   . . .        r - +1 broad axe (venom)
rCold   . . .        c - +0 buckler
rNeg    + . .        j - +2 plate armour
rPois   inf          h - +2 helmet
rElec   +            (no cloak)
rCorr   +            f - +2 pair of gloves
SInv    +            (no boots)
Will    .....        s - amulet of faith Stlth
                     g - ring of see invisible
HPRegen 0.33/turn    u - ring of resist corrosion
MPRegen 0.16/turn

%: faith
@: heroic
A: sickness immunity, AC +9, negative energy resistance 1, electricity
resistance, torment resistance 1, petrification resistance
a: Renounce Religion, Heroism, Finesse


You were on level 3 of the Lair of Beasts.
You worshipped Okawaru.
Okawaru was greatly pleased with you.
You visited 3 branches of the dungeon, and saw 14 of its levels.
You also visited: Sewer.

You collected 967 gold pieces.
You spent 480 gold pieces at shops.


Innate Abilities, Weirdness & Mutations

You are immune to sickness and miasma.
Your stone body is resilient. (AC +9)
You are immune to poison.
You resist negative energy. (rN+)
You are resistant to electric shocks. (rElec)
You are resistant to unholy torment.
You are immune to petrification.


   Skills:
 - Level 10.1(15.1) Fighting
 - Level 14.0(19.0) Axes
 - Level 4.0(9.0) Throwing
 - Level 9.1(14.1) Armour
 - Level 2.3(7.3) Dodging
 + Level 6.6(11.6) Shields
 + Level 8.7 Invocations


You had 12 spell levels left.
You didn't know any spells.
Your spell library was empty.

Inventory:

Hand Weapons
 n - a +0 morningstar
 r - a +1 broad axe of venom (weapon)
Missiles
 b - 12 boomerangs
 l - 2 javelins (quivered)
Armour
 c - a +0 buckler (worn)
 f - a +2 pair of gloves (worn)
 h - a +2 helmet (worn)
 j - a +2 plate armour (worn)
Jewellery
 e - a ring of ice
 g - a ring of see invisible (left hand)
 i - an amulet of guardian spirit
 k - a ring of fire
 m - a ring of ice
 s - an amulet of faith (around neck)
 u - a ring of resist corrosion (right hand)
Scrolls
 a - 7 scrolls of identify
 v - 2 scrolls of teleportation
Potions
 d - 7 potions of might
 o - 5 potions of attraction
 p - 5 potions of curing
 q - a potion of lignification
 t - a potion of resistance
 w - a potion of haste
 x - 2 potions of heal wounds
 z - a potion of cancellation {unknown}

Dungeon Overview and Level Annotations

Branches:
Dungeon (10/15)            Temple (1/1) D:7            Lair (3/5) D:10
  Swamp (0/4) Lair:2       Spider (0/4) Lair:2          Orc (0/2) D:9
  Sewer (visited)

Altars:
Ashenzari
Cheibriados
Dithmenos
Elyvilon
Fedhas
Gozag
Hepliaklqana
Kikubaaqudgha
Makhleb
Nemelex Xobeh
Okawaru
Qazlal
Ru
Sif Muna
Trog
Uskayaw
Vehumet
Wu Jian
Xom
Yredelemnul
Zin
The Shining One

Shops:
D:4 ?   D:7 ((**!   D:9 (*(**


Message History

The death yak looks as sick as possible!
You slash the death yak!
The death yak is poisoned.
You hit the lindwurm but do no damage.
The lindwurm looks as sick as possible!
The lindwurm bites you. You block the lindwurm's attack.
The lindwurm claws you but does no damage.
The death yak gores you but does no damage. x2
The death yak barely misses you.
You slash the death yak!
The death yak looks as sick as possible!
The death yak is severely wounded.
You barely miss the death yak. You slash the death yak!
The death yak looks as sick as possible!
You hit the cane toad. You barely miss the lindwurm.
The death yak barely misses you. You block the death yak's attack.
You block the lindwurm's attack.
The lindwurm claws you but does no damage.
You block the lindwurm's attack.
The death yak gores you but does no damage.
You slash the death yak!
The death yak looks as sick as possible!
The death yak is almost dead.
You slash the death yak! You barely miss the cane toad.
You hit the lindwurm but do no damage. You hit the death yak but do no damage.
The cane toad stings you but does no damage.
You slash the death yak!
The death yak looks as sick as possible!
The death yak is almost dead.
You hit the death yak.
The death yak looks as sick as possible!
You hit the death yak but do no damage.
The death yak looks as sick as possible!
You hit the cane toad. You hit the lindwurm but do no damage.
You kill the death yak!
Okawaru accepts your kill. You block the cane toad's attack.
The lindwurm bites you but does no damage.
You block the lindwurm's attack.
The lindwurm claws you but does no damage.
The death yak gores you! x2
You die...

......... .# .k......P.
.# ..........#..#
...#.#..PP.#..###
#................
#..#....?........
#####..P......Y......
#...........k@Y....((
.............%F....(. .
....................
......................
....#................
###...#...............
.#..P..##...............
........#.#....P..##....
..........#............


You could see 2 death yaks, a lindwurm (extremely poisoned) and a cane toad.

Vanquished Creatures
  Snorg (D:10)
  Harold (D:9)
  A centaur warrior (D:9)
  A catoblepas (Lair:1)
  A boulder beetle (Lair:2)
  6 death yaks
  A two-headed ogre (D:10)
  A skyshark (Lair:3)
  A skeletal warrior (D:9)
  A wizard (D:9)
  An ugly thing (D:7)
  3 elephants (Lair:3)
  Joseph (D:9)
  A cyclops (D:7)
  2 black mambas
  Maggie (D:9)
  5 cane toads
  4 rime drakes
  4 komodo dragons
  A meliai (Lair:2)
  2 trolls
  3 blink frogs (Lair:1)
  A hornet (D:9)
  Sigmund (D:6)
  A shadow (D:7)
  4 wyverns
  3 wraiths
  10 yaks
  2 steam dragons (D:9)
  4 wargs (D:9)
  7 water moccasins
  Pargi (Sewer)
  4 ice beasts
  4 orc warriors
  2 black bears
  2 ogres
  9 wolves (Lair:3)
  4 centaurs
  A phantom (D:6)
  4 kobold brigands
  8 bullfrogs
  2 scorpions
  7 wights
  6 killer bees (Lair:2)
  4 hounds
  2 jellies
  7 orc priests
  2 sleepcaps
  Ijyb (D:3)
  2 iguanas
  12 orc wizards
  Terence (D:3)
  Robin (D:3)
  7 gnolls
  6 adders
  A river rat (D:4)
  A white imp (D:7)
  An ufetubus (D:4)
  A worm (D:5)
  6 dart slugs
  32 orcs
  7 ball pythons
  6 bats
  9 endoplasms
  5 giant cockroaches
  18 goblins
  9 hobgoblins
  3 jackals (D:4)
  2 quokkas
  5 frilled lizards
  24 kobolds
  8 rats
  A spectral orc (D:10)
314 creatures vanquished.

Vanquished Creatures (others)
  An orc wizard (D:7)
1 creature vanquished.

Grand Total: 315 creatures vanquished

Notes
Turn   | Place    | Note
-------+----------+-------------------------------------------
     0 | D:1      | qw the Gargoyle Fighter began the quest for the Orb.
     0 | D:1      | Reached XP level 1. HP: 14/14 MP: 1/1
     0 | D:1      | 0 ||| qw: Version: 0.2-a-29-g511e9b1
     0 | D:1      | 0 ||| qw: Game counter: 5344
     0 | D:1      | 0 ||| qw: Always use a shield: true
     0 | D:1      | 0 ||| qw: God list: Okawaru
     0 | D:1      | 0 ||| qw: Allow faded altars: false
     0 | D:1      | 0 ||| qw: Do Orc after D:15 true
     0 | D:1      | 0 ||| qw: Do second Lair branch before Depths: true
     0 | D:1      | 0 ||| qw: Lair rune preference: random
     0 | D:1      | 0 ||| qw: Plans: Normal, Zot:1-4, Slime:5, God:TSO, Crypt,
                  | Tomb, Abyss, Pan, Hells, Win
     0 | D:1      | 0 ||| PLANNING D:1-11
    79 | D:1      | Reached skill level 2 in Axes
   279 | D:1      | Reached XP level 2. HP: 18/19 MP: 2/2
   471 | D:1      | 471 ||| Stepping ~*~*~tactically~*~*~ (hiding).
   724 | D:1      | Reached skill level 3 in Axes
   808 | D:1      | 808 ||| UPGRADING to +0 pair of gloves.
   813 | D:1      | 813 ||| UPGRADING to +0 plate armour.
   823 | D:1      | 823 ||| DROPPING +0 scale mail.
   824 | D:1      | 824 ||| UPGRADING to ring of see invisible.
   825 | D:1      | 825 ||| READING scroll labelled QETYN NAH GEE.
   960 | D:2      | Reached XP level 3. HP: 23/23 MP: 3/3
   979 | D:2      | 979 ||| DROPPING +0 club.
  1089 | D:2      | Found a faded altar of an unknown god.
  1402 | D:2      | 1402 ||| Stepping ~*~*~tactically~*~*~ (hiding).
  1580 | D:2      | 1580 ||| UPGRADING to +2 helmet.
  1585 | D:2      | 1585 ||| UPGRADING to amulet of guardian spirit.
  1590 | D:2      | 1590 ||| READING 3 scrolls labelled DYEXZI FUFO.
  1591 | D:2      | 1591 ||| READING scroll labelled GIBAODI WOEMP.
  1592 | D:2      | 1592 ||| READING 2 scrolls of identify.
  1592 | D:2      | 1592 ||| IDENTIFYING orange potion
  1593 | D:2      | 1593 ||| DROPPING potion of ambrosia.
  1655 | D:3      | 1655 ||| Stepping ~*~*~tactically~*~*~ (stealth).
  1658 | D:3      | 1658 ||| Stepping ~*~*~tactically~*~*~ (stealth).
  1661 | D:3      | 1661 ||| Stepping ~*~*~tactically~*~*~ (stealth).
  1666 | D:3      | 1666 ||| Stepping ~*~*~tactically~*~*~ (stealth).
  1688 | D:3      | Noticed Robin
  1689 | D:3      | 1689 ||| Stepping ~*~*~tactically~*~*~ (stealth).
  1694 | D:3      | Killed Robin
  1695 | D:3      | Reached XP level 4. HP: 28/28 MP: 4/4
  1760 | D:3      | 1760 ||| Stepping ~*~*~tactically~*~*~ (hiding).
  1764 | D:3      | 1764 ||| Stepping ~*~*~tactically~*~*~ (hiding).
  1793 | D:3      | Reached skill level 4 in Axes
  1884 | D:3      | Noticed Ijyb
  1885 | D:3      | 1885 ||| Stepping ~*~*~tactically~*~*~ (hiding).
  1887 | D:3      | 1887 ||| Stepping ~*~*~tactically~*~*~ (hiding).
  1905 | D:3      | Killed Ijyb
  1941 | D:3      | Noticed Terence
  1942 | D:3      | 1942 ||| FLEEEEING.
  1943 | D:3      | 1943 ||| FLEEEEING.
  1944 | D:3      | 1944 ||| FLEEEEING.
  1945 | D:3      | 1945 ||| FLEEEEING.
  1946 | D:3      | 1946 ||| FLEEEEING.
  1957 | D:3      | Killed Terence
  1958 | D:3      | Reached XP level 5. HP: 18/32 MP: 5/5
  2303 | D:3      | Found a broken altar of Ashenzari.
  2416 | D:3      | 2416 ||| DROPPING orb of mayhem.
  2417 | D:3      | 2417 ||| READING 2 scrolls labelled LEEMME NOLUSM.
  2420 | D:3      | 2420 ||| READING scroll labelled OSOEWI OD NENG.
  2421 | D:3      | 2421 ||| DRINKING 2 grey potions.
  2461 | D:4      | 2461 ||| PLANNING SEWER
  2462 | D:4      | 2462 ||| Stepping ~*~*~tactically~*~*~ (hiding).
  2505 | D:4      | Reached skill level 5 in Axes
  2596 | D:4      | 2596 ||| DROPPING +0 mace.
  2609 | D:4      | Found Wade's Magic Scroll Shop.
  2617 | D:4      | 2617 ||| BUYING 2 scrolls of teleportation (60 gold).
  2617 | D:4      | Bought 2 scrolls of teleportation for 60 gold pieces
  2617 | D:4      | 2617 ||| BUYING scroll of enchant armour (75 gold).
  2617 | D:4      | Bought a scroll of enchant armour for 75 gold pieces
  2617 | D:4      | 2617 ||| SHOPLISTING scroll of identify (20 gold, have 18).
  2617 | D:4      | 2617 ||| SHOPLISTING scroll of teleportation (30 gold, have
                  | 18).
  2617 | D:4      | 2617 ||| READING scroll of enchant armour.
  2617 | D:4      | 2617 ||| ENCHANTING +0 pair of gloves.
  2681 | D:4      | Reached XP level 6. HP: 38/38 MP: 6/6
  2706 | D:4      | Identified the +1 leather armour of Busoss {rPois Str+3
                  | Int-3}
  3024 | D:4      | Found a glowing drain.
  3025 | D:4      | 3025 ||| UPGRADING to ring of resist corrosion.
  3026 | D:4      | 3026 ||| READING scroll labelled XAL JAKEZXORCH.
  3027 | D:4      | 3027 ||| DRINKING 3 bubbling purple potions.
  3028 | D:4      | 3028 ||| READING 3 scrolls of identify.
  3028 | D:4      | 3028 ||| IDENTIFYING metallic white potion
  3029 | D:4      | 3029 ||| READING 2 scrolls of identify.
  3029 | D:4      | 3029 ||| IDENTIFYING viscous pink potion
  3030 | D:4      | 3030 ||| DROPPING potion of degeneration.
  3039 | Sewer    | Entered a sewer
  3141 | Sewer    | Noticed Pargi
  3158 | Sewer    | Killed Pargi
  3234 | D:4      | 3234 ||| PLANNING D:1-11
  3452 | D:5      | Entered Level 5 of the Dungeon
  3559 | D:5      | Reached skill level 6 in Axes
  3621 | D:5      | Reached XP level 7. HP: 40/43 MP: 7/7
  4154 | D:5      | Noticed a wyvern
  4160 | D:5      | Killed a wyvern
  4173 | D:5      | Reached skill level 7 in Axes
  4308 | D:5      | 4308 ||| READING scroll of enchant armour.
  4308 | D:5      | 4308 ||| ENCHANTING +1 pair of gloves.
  4331 | D:5      | 4331 ||| READING scroll labelled FYGUHEAFET.
  4332 | D:5      | 4332 ||| READING scroll labelled INUWOCVAE.
  4364 | D:6      | Noticed Sigmund
  4365 | D:6      | 4365 ||| Stepping ~*~*~tactically~*~*~ (hiding).
  4375 | D:6      | Killed Sigmund
  4376 | D:6      | Reached XP level 8. HP: 49/49 MP: 8/8
  4381 | D:6      | Reached skill level 1 in Dodging
  4395 | D:6      | Reached skill level 1 in Throwing
  4531 | D:6      | 4531 ||| Stepping ~*~*~tactically~*~*~ (stealth).
  4532 | D:6      | 4532 ||| Stepping ~*~*~tactically~*~*~ (stealth).
  4533 | D:6      | 4533 ||| Stepping ~*~*~tactically~*~*~ (stealth).
  4560 | D:6      | Reached skill level 8 in Axes
  4612 | D:6      | Found a snail-covered altar of Cheibriados.
  4652 | D:6      | 4652 ||| FLEEEEING.
  4653 | D:6      | 4653 ||| FLEEEEING.
  4654 | D:6      | 4654 ||| FLEEEEING.
  4655 | D:6      | 4655 ||| FLEEEEING.
  4656 | D:6      | 4656 ||| FLEEEEING.
  4657 | D:6      | 4657 ||| STAIRDANCE
  4686 | D:5      | 4686 ||| READING 2 scrolls of identify.
  4686 | D:5      | 4686 ||| IDENTIFYING bubbling green potion
  4687 | D:5      | 4687 ||| DROPPING potion of berserk rage.
  4719 | D:6      | Reached skill level 6 in Fighting
  4865 | D:6      | 4865 ||| DROPPING +0 flail.
  4873 | D:6      | Found a glowing golden altar of the Shining One.
  4915 | D:6      | Found a hide-covered altar of Uskayaw.
  4937 | D:6      | Reached XP level 9. HP: 54/55 MP: 9/9
  4948 | D:6      | Found a stormy altar of Qazlal.
  5132 | D:6      | 5132 ||| READING 4 scrolls of identify.
  5132 | D:6      | 5132 ||| IDENTIFYING silvery potion
  5133 | D:6      | 5133 ||| READING 3 scrolls of identify.
  5133 | D:6      | 5133 ||| IDENTIFYING pink potion
  5134 | D:6      | 5134 ||| READING 2 scrolls of identify.
  5134 | D:6      | 5134 ||| IDENTIFYING black potion
  5135 | D:6      | 5135 ||| DROPPING potion of brilliance.
  5222 | D:7      | Found Favaer's Distillery.
  5222 | D:7      | Found a staircase to the Ecumenical Temple.
  5223 | D:7      | 5223 ||| PLANNING TEMPLE
  5226 | D:7      | 5226 ||| Stepping ~*~*~tactically~*~*~ (stealth).
  5227 | D:7      | 5227 ||| READING scroll labelled FUM CYOD EWUTI.
  5231 | D:7      | 5231 ||| Stepping ~*~*~tactically~*~*~ (stealth).
  5274 | Temple   | Entered the Ecumenical Temple
  5275 | Temple   | 5275 ||| PLANNING OKAWARU WORSHIP
  5329 | Temple   | Became a worshipper of Warmaster Okawaru
  5330 | Temple   | 5330 ||| PLANNING D:1-11
  5330 | Temple   | 5330 ||| REMOVING amulet of guardian spirit.
  5354 | D:7      | 5354 ||| BUYING 2 potions of heal wounds (120 gold).
  5354 | D:7      | Bought 2 potions of heal wounds for 120 gold pieces
  5354 | D:7      | 5354 ||| SHOPLISTING 2 potions of might (96 gold, have 78).
  5354 | D:7      | 5354 ||| BUYING potion of attraction (36 gold).
  5354 | D:7      | Bought a potion of attraction for 36 gold pieces
  5354 | D:7      | 5354 ||| BUYING potion of attraction (36 gold).
  5354 | D:7      | Bought a potion of attraction for 36 gold pieces
  5354 | D:7      | 5354 ||| SHOPLISTING potion of curing (36 gold, have 6).
  5354 | D:7      | 5354 ||| SHOPLISTING potion of haste (120 gold, have 6).
  5354 | D:7      | 5354 ||| SHOPLISTING potion of lignification (36 gold, have
                  | 6).
  5354 | D:7      | 5354 ||| SHOPLISTING potion of resistance (120 gold, have
                  | 6).
  5426 | D:7      | Reached skill level 9 in Axes
  5521 | D:7      | Noticed a green ugly thing
  5537 | D:7      | Killed a green ugly thing
  5760 | D:7      | Found Ocsurob's Assorted Antiques.
  5772 | D:7      | 5772 ||| SHOPLISTING pair of glowing boots (172 gold, have
                  | 14).
  5772 | D:7      | 5772 ||| SHOPLISTING potion of attraction (69 gold, have
                  | 14).
  5772 | D:7      | 5772 ||| SHOPLISTING potion of curing (69 gold, have 14).
  5772 | D:7      | Found Luemoukli's Assorted Antiques.
  5780 | D:7      | 5780 ||| SHOPLISTING 2 scrolls of enchant armour (420 gold,
                  | have 14).
  5780 | D:7      | 5780 ||| SHOPLISTING 2 scrolls of identify (112 gold, have
                  | 14).
  5780 | D:7      | 5780 ||| SHOPLISTING brass wand (112 gold, have 14).
  5780 | D:7      | 5780 ||| SHOPLISTING potion of attraction (84 gold, have
                  | 14).
  5780 | D:7      | 5780 ||| SHOPLISTING potion of curing (84 gold, have 14).
  5780 | D:7      | 5780 ||| SHOPLISTING scroll of identify (56 gold, have 14).
  5780 | D:7      | 5780 ||| SHOPLISTING scroll of teleportation (84 gold, have
                  | 14).
  5798 | D:7      | Reached skill level 6 in Armour
  5802 | D:7      | Noticed a cyclops
  5806 | D:7      | Reached * piety under Okawaru
  5807 | D:7      | 5807 ||| INVOKING Heroism.
  5813 | D:7      | Killed a cyclops
  5819 | D:7      | 5819 ||| INVOKING Heroism.
  5822 | D:7      | Reached skill level 1 in Invocations
  5944 | D:7      | 5944 ||| READING scroll of enchant armour.
  5944 | D:7      | 5944 ||| ENCHANTING +0 plate armour.
  5988 | D:7      | 5988 ||| Stepping ~*~*~tactically~*~*~ (hiding).
  6128 | D:7      | 6128 ||| Stepping ~*~*~tactically~*~*~ (hiding).
  6202 | D:7      | 6202 ||| Stepping ~*~*~tactically~*~*~ (stealth).
  6247 | D:7      | Found Yrat's Antique Weapon Boutique.
  6255 | D:7      | 6255 ||| SHOPLISTING transparent morningstar (216 gold,
                  | have 14).
  6276 | D:7      | Found Siejoxi's Antique Weapon Shop.
  6443 | D:7      | 6443 ||| INVOKING Heroism.
  6525 | D:7      | 6525 ||| Stepping ~*~*~tactically~*~*~ (hiding).
  6534 | D:7      | Reached XP level 10. HP: 58/63 MP: 11/11
  6638 | D:7      | 6638 ||| INVOKING Heroism.
  6731 | D:7      | 6731 ||| Stepping ~*~*~tactically~*~*~ (hiding).
  6732 | D:7      | 6732 ||| Stepping ~*~*~tactically~*~*~ (hiding).
  6734 | D:7      | 6734 ||| Stepping ~*~*~tactically~*~*~ (hiding).
  6736 | D:7      | 6736 ||| Stepping ~*~*~tactically~*~*~ (hiding).
  6791 | D:7      | Reached skill level 3 in Invocations
  6844 | D:7      | 6844 ||| READING 2 scrolls labelled VURGHO TUEZOSO.
  6886 | D:7      | 6886 ||| DROPPING scroll of torment.
  6914 | D:8      | 6914 ||| INVOKING Heroism.
  7254 | D:8      | 7254 ||| Stepping ~*~*~tactically~*~*~ (stealth).
  7327 | D:8      | Reached skill level 10 in Axes
  7331 | D:8      | 7331 ||| INVOKING Heroism.
  7406 | D:8      | 7406 ||| READING scroll of enchant weapon.
  7406 | D:8      | 7406 ||| ENCHANTING +1 war axe.
  7486 | D:8      | 7486 ||| Stepping ~*~*~tactically~*~*~ (hiding).
  7487 | D:8      | 7487 ||| Stepping ~*~*~tactically~*~*~ (hiding).
  7859 | D:9      | Found Kekimiul's Antique Weapon Shop.
  7868 | D:9      | 7868 ||| Stepping ~*~*~tactically~*~*~ (stealth).
  7875 | D:9      | 7875 ||| INVOKING Heroism.
  7948 | D:9      | Found Kofuifoe's Assorted Antiques.
  7961 | D:9      | 7961 ||| BUYING potion of might (132 gold).
  7961 | D:9      | Bought a potion of might for 132 gold pieces
  7961 | D:9      | 7961 ||| SHOPLISTING runed war axe (214 gold, have 25).
  7961 | D:9      | 7961 ||| SHOPLISTING scroll of identify (66 gold, have 25).
  7972 | D:9      | 7972 ||| INVOKING Heroism.
  8018 | D:9      | Found a staircase to the Orcish Mines.
  8034 | D:9      | Found Moje's General Store.
  8035 | D:9      | 8035 ||| Stepping ~*~*~tactically~*~*~ (hiding).
  8036 | D:9      | 8036 ||| Stepping ~*~*~tactically~*~*~ (hiding).
  8037 | D:9      | 8037 ||| Stepping ~*~*~tactically~*~*~ (hiding).
  8038 | D:9      | 8038 ||| Stepping ~*~*~tactically~*~*~ (hiding).
  8040 | D:9      | 8040 ||| INVOKING Heroism.
  8048 | D:9      | 8048 ||| Stepping ~*~*~tactically~*~*~ (cloud).
  8064 | D:9      | 8064 ||| SHOPLISTING potion of attraction (48 gold, have
                  | 25).
  8064 | D:9      | 8064 ||| SHOPLISTING scroll of identify (32 gold, have 25).
  8074 | D:9      | 8074 ||| INVOKING Heroism.
  8111 | D:9      | Noticed Harold
  8112 | D:9      | 8112 ||| INVOKING Heroism.
  8113 | D:9      | 8113 ||| Stepping ~*~*~tactically~*~*~ (hiding).
  8114 | D:9      | 8114 ||| Stepping ~*~*~tactically~*~*~ (hiding).
  8130 | D:9      | Killed Harold
  8130 | D:9      | Reached ** piety under Okawaru
  8374 | D:9      | Noticed Joseph
  8382 | D:9      | 8382 ||| INVOKING Heroism.
  8389 | D:9      | Killed Joseph
  8390 | D:9      | Reached skill level 11 in Axes
  8403 | D:9      | Reached XP level 11. HP: 25/69 MP: 14/14
  8572 | D:9      | Found Gosery's Weapon Shoppe.
  8589 | D:9      | 8589 ||| Stepping ~*~*~tactically~*~*~ (hiding).
  8637 | D:9      | Found Ceki Eqe's Assorted Antiques.
  8646 | D:9      | 8646 ||| BUYING scroll labelled BUINIRCH NIEB (21 gold).
  8646 | D:9      | Bought a scroll labelled BUINIRCH NIEB for 21 gold pieces
  8658 | D:9      | Found a flagged portal.
  8660 | D:9      | 8660 ||| Stepping ~*~*~tactically~*~*~ (hiding).
  8661 | D:9      | 8661 ||| Stepping ~*~*~tactically~*~*~ (hiding).
  8718 | D:9      | 8718 ||| Stepping ~*~*~tactically~*~*~ (hiding).
  8719 | D:9      | 8719 ||| Stepping ~*~*~tactically~*~*~ (hiding).
  8774 | D:9      | Noticed a wizard
  8778 | D:9      | Reached skill level 9 in Fighting
  8780 | D:9      | Noticed a centaur warrior
  8785 | D:9      | Killed a wizard
  8788 | D:9      | 8788 ||| INVOKING Heroism.
  8792 | D:9      | Noticed a skeletal warrior
  8800 | D:9      | Killed a centaur warrior
  8800 | D:9      | Reached *** piety under Okawaru
  8803 | D:9      | HP: 11/71 [skeletal warrior/+0 war axe (12)]
  8804 | D:9      | 8804 ||| READING 5 scrolls of teleportation.
  8805 | D:9      | 8805 ||| DRINKING 5 potions of heal wounds.
  8807 | D:9      | 8807 ||| INVOKING Heroism.
  8962 | D:9      | Noticed Maggie
  8982 | D:9      | 8982 ||| INVOKING Heroism.
  8997 | D:9      | Killed Maggie
  9438 | D:9      | 9438 ||| Stepping ~*~*~tactically~*~*~ (hiding).
  9451 | D:9      | Reached skill level 12 in Axes
  9489 | D:9      | 9489 ||| Stepping ~*~*~tactically~*~*~ (stealth).
  9490 | D:9      | 9490 ||| Stepping ~*~*~tactically~*~*~ (hiding).
  9496 | D:9      | 9496 ||| DRINKING 6 potions of curing.
  9496 | D:9      | 9496 ||| (to cure confusion)
  9508 | D:9      | 9508 ||| READING scroll of enchant armour.
  9508 | D:9      | 9508 ||| ENCHANTING +1 plate armour.
  9552 | D:9      | 9552 ||| INVOKING Heroism.
  9564 | D:9      | Killed a skeletal warrior
  9565 | D:9      | Reached skill level 6 in Shields
  9656 | D:9      | 9656 ||| UPGRADING to amulet of faith.
  9661 | D:9      | 9661 ||| READING scroll labelled BUINIRCH NIEB.
  9666 | D:10     | Entered Level 10 of the Dungeon
  9682 | D:10     | 9682 ||| Stepping ~*~*~tactically~*~*~ (stealth).
  9692 | D:10     | 9692 ||| FLEEEEING.
  9693 | D:10     | 9693 ||| FLEEEEING.
  9694 | D:10     | 9694 ||| FLEEEEING.
  9695 | D:10     | 9695 ||| INVOKING Heroism.
  9699 | D:10     | Received a gift from Okawaru
  9789 | D:10     | 9789 ||| DROPPING +0 war axe of venom.
  9791 | D:10     | 9791 ||| INVOKING Heroism.
  9900 | D:10     | Noticed a death yak
  9901 | D:10     | 9901 ||| INVOKING Heroism.
  9904 | D:10     | Noticed a death yak
  9905 | D:10     | 9905 ||| Stepping ~*~*~tactically~*~*~ (stealth).
  9915 | D:10     | Killed a death yak
  9915 | D:10     | Noticed a death yak
  9927 | D:10     | 9927 ||| INVOKING Heroism.
  9930 | D:10     | Killed a death yak
  9931 | D:10     | Reached skill level 9 in Armour
  9931 | D:10     | 9931 ||| FLEEEEING.
  9932 | D:10     | 9932 ||| FLEEEEING.
  9933 | D:10     | 9933 ||| FLEEEEING.
  9934 | D:10     | 9934 ||| FLEEEEING.
  9935 | D:10     | 9935 ||| FLEEEEING.
  9936 | D:10     | 9936 ||| FLEEEEING.
  9937 | D:10     | 9937 ||| FLEEEEING.
  9938 | D:10     | 9938 ||| FLEEEEING.
  9939 | D:10     | 9939 ||| FLEEEEING.
  9940 | D:10     | 9940 ||| FLEEEEING.
  9941 | D:10     | 9941 ||| FLEEEEING.
  9942 | D:10     | 9942 ||| FLEEEEING.
  9943 | D:10     | 9943 ||| FLEEEEING.
  9944 | D:10     | 9944 ||| FLEEEEING.
  9945 | D:10     | 9945 ||| FLEEEEING.
  9946 | D:10     | 9946 ||| FLEEEEING.
  9947 | D:10     | 9947 ||| FLEEEEING.
  9949 | D:10     | 9949 ||| INVOKING Heroism.
  9954 | D:10     | HP: 17/71 [death yak (8)]
  9955 | D:10     | 9955 ||| READING 4 scrolls of teleportation.
  9955 | D:10     | HP: 7/71 [death yak (11)]
  9956 | D:10     | 9956 ||| DRINKING 4 potions of heal wounds.
 10177 | D:10     | Noticed Snorg
 10178 | D:10     | 10178 ||| INVOKING Heroism.
 10192 | D:10     | HP: 16/71 [Snorg (14)]
 10193 | D:10     | 10193 ||| READING 3 scrolls of teleportation.
 10194 | D:10     | 10194 ||| DRINKING 3 potions of heal wounds.
 10194 | D:10     | HP: 5/71 [Snorg (7)]
 10194 | D:10     | HP: 1/71 [Snorg (4)]
 10195 | D:10     | 10195 ||| DRINKING 2 potions of heal wounds.
 10378 | D:10     | 10378 ||| INVOKING Heroism.
 10391 | D:10     | Killed a death yak
 10453 | D:10     | Found a basalt altar of Yredelemnul.
 10540 | D:10     | Found a staircase to the Lair.
 10751 | D:10     | Noticed a two-headed ogre
 10752 | D:10     | 10752 ||| INVOKING Heroism.
 10758 | D:10     | Killed a two-headed ogre
 10795 | D:10     | 10795 ||| INVOKING Heroism.
 10807 | D:10     | HP: 13/72 [Snorg (11)]
 10808 | D:10     | 10808 ||| READING 2 scrolls of teleportation.
 10808 | D:10     | HP: 1/72 [Snorg (13)]
 10809 | D:10     | 10809 ||| DRINKING potion of heal wounds.
 11187 | D:10     | 11187 ||| INVOKING Heroism.
 11203 | D:10     | Killed Snorg
 11204 | D:10     | Reached XP level 12. HP: 64/77 MP: 13/15
 11296 | D:10     | 11296 ||| PLANNING LAIR
 11333 | Lair:1   | Entered Level 1 of the Lair of Beasts
 11457 | Lair:1   | Reached **** piety under Okawaru
 11717 | Lair:1   | 11717 ||| INVOKING Heroism.
 11739 | Lair:1   | HP: 13/77 [blink frog (9)]
 11740 | Lair:1   | 11740 ||| READING scroll of teleportation.
 11741 | Lair:1   | 11741 ||| DRINKING potion of heal wounds.
 11743 | Lair:1   | Reached skill level 3 in Throwing
 11943 | Lair:1   | 11943 ||| READING scroll of enchant weapon.
 11943 | Lair:1   | 11943 ||| ENCHANTING +2 war axe.
 11991 | Lair:1   | Noticed a catoblepas
 11992 | Lair:1   | 11992 ||| INVOKING Heroism.
 11998 | Lair:1   | Killed a catoblepas
 11998 | Lair:1   | Received a gift from Okawaru
 12219 | Lair:1   | 12219 ||| READING scroll labelled ZOAL NEXKA.
 12320 | Lair:1   | 12320 ||| READING scroll labelled MYRREMN ZODOWK.
 12334 | Lair:2   | 12334 ||| STAIRDANCE
 12337 | Lair:1   | 12337 ||| INVOKING Heroism.
 12483 | Lair:2   | Found a staircase to the Swamp.
 12523 | Lair:2   | 12523 ||| Stepping ~*~*~tactically~*~*~ (stealth).
 12538 | Lair:2   | Reached skill level 6 in Invocations
 12539 | Lair:2   | 12539 ||| INVOKING Heroism.
 12565 | Lair:2   | 12565 ||| Stepping ~*~*~tactically~*~*~ (stealth).
 12570 | Lair:2   | 12570 ||| Stepping ~*~*~tactically~*~*~ (stealth).
 12573 | Lair:2   | 12573 ||| Stepping ~*~*~tactically~*~*~ (stealth).
 12574 | Lair:2   | 12574 ||| Stepping ~*~*~tactically~*~*~ (stealth).
 12578 | Lair:2   | 12578 ||| Stepping ~*~*~tactically~*~*~ (stealth).
 12579 | Lair:2   | 12579 ||| Stepping ~*~*~tactically~*~*~ (stealth).
 12581 | Lair:2   | 12581 ||| INVOKING Heroism.
 12670 | Lair:2   | 12670 ||| Stepping ~*~*~tactically~*~*~ (stealth).
 12672 | Lair:2   | 12672 ||| Stepping ~*~*~tactically~*~*~ (stealth).
 12673 | Lair:2   | 12673 ||| Stepping ~*~*~tactically~*~*~ (stealth).
 12679 | Lair:2   | 12679 ||| Stepping ~*~*~tactically~*~*~ (stealth).
 12691 | Lair:2   | 12691 ||| INVOKING Heroism.
 12693 | Lair:2   | Reached skill level 13 in Axes
 12783 | Lair:2   | 12783 ||| INVOKING Heroism.
 12881 | Lair:2   | Found a hole to the Spider Nest.
 12943 | Lair:2   | 12943 ||| INVOKING Heroism.
 13298 | Lair:2   | Noticed a boulder beetle
 13300 | Lair:2   | 13300 ||| INVOKING Heroism.
 13330 | Lair:2   | Killed a boulder beetle
 13492 | Lair:2   | 13492 ||| Stepping ~*~*~tactically~*~*~ (stealth).
 13493 | Lair:2   | 13493 ||| Stepping ~*~*~tactically~*~*~ (stealth).
 13711 | Lair:2   | 13711 ||| INVOKING Heroism.
 14100 | Lair:2   | 14100 ||| READING scroll labelled POUGIN XITH.
 14100 | Lair:2   | Identified a scroll of acquirement
 14100 | Lair:2   | 14100 ||| ACQUIRING +1 broad axe of venom
 14100 | Lair:2   | Acquired a +1 broad axe of venom
 14102 | Lair:2   | 14102 ||| UPGRADING to +1 broad axe of venom.
 14103 | Lair:2   | 14103 ||| DROPPING +3 war axe.
 14104 | Lair:2   | 14104 ||| READING 7 scrolls of identify.
 14104 | Lair:2   | 14104 ||| IDENTIFYING golden potion
 14201 | Lair:3   | 14201 ||| Stepping ~*~*~tactically~*~*~ (stealth).
 14221 | Lair:3   | 14221 ||| INVOKING Heroism.
 14222 | Lair:3   | Received a gift from Okawaru
 14227 | Lair:3   | Reached XP level 13. HP: 56/82 MP: 15/18
 14343 | Lair:3   | 14343 ||| INVOKING Heroism.
 14482 | Lair:3   | 14482 ||| INVOKING Heroism.
 14663 | Lair:3   | 14663 ||| Stepping ~*~*~tactically~*~*~ (stealth).
 14678 | Lair:3   | Received a gift from Okawaru
 14830 | Lair:3   | 14830 ||| INVOKING Heroism.
 14838 | Lair:3   | Reached skill level 14 in Axes
 14838 | Lair:3   | 14838 ||| Stepping ~*~*~tactically~*~*~ (stealth).
 14850 | Lair:3   | HP: 10/82 [death yak (16)]
 14850 | Lair:3   | Slain by a death yak

Levels and vault maps discovered:
D:1:      nzn_arrival_depleted_hourglass, layout_loops_ring,
          minmay_shallow_snake_nest
D:2:      layout_basic, hellmonk_ecumenical_altar_slurped_away,
          minmay_pentomino_r4
D:3:      layout_basic, nicolae_ashenzari_skybound, uniq_terence, uniq_ijyb,
          uniq_robin
D:4:      layout_basic, portal_sewer_entry_b, serial_shops, shop
D:5:      layout_gridville
D:6:      layout_rooms, mainiacjoe_overflow_alcove_2,
          mainiacjoe_overflow_brackets, mainiacjoe_overflow_large_starburst,
          serial_bayou_pond_c, uniq_sigmund
D:7:      kennysheep_big_flooded_room, layout_gridville,
          minmay_temple_entry_drinking_statues, serial_shops, shop_statue, shop,
          nicolae_shop_industrial_runoff, shop, shop, kb_rosetta
D:8:      layout_cave_pods
D:9:      layout_cave_pools, minmay_orc_entry_guard_dogs, serial_shops,
          nicolae_diamond_shop, nicolae_shop_hallway_plus, shop, shop, shop,
          enter_bailey_3, nzn_random_ring, uniq_maggie, uniq_joseph, uniq_harold
D:10:     layout_loops_corners, yredelemnul_forgotten_temple_becter,
          dpeg_lair_monsters, uniq_snorg
Temple:   nicolae_temple_x_marks_the_god
Lair:1:   layout_regular_city
Lair:2:   layout_layer_cave, swamp_mist_pool,
          hellmonk_spider_entry_not_the_bees, infiniplex_staircase_pool,
          lemuel_fruit_tree, lemuel_fruit_fields, grunt_megastairs_3,
          serial_bayou_shore_a
Lair:3:   layout_gridlike, infiniplex_staircase_pool_2, serial_bayou_shore_b

Skill      XL: |  1  2  3  4  5  6  7  8  9 10 11 12 13 |
---------------+----------------------------------------+-----
Axes           | 2 3 4 5 6 7 8 9 11 12 13 14 | 14.0
Fighting       | 4 5 6 7 8 10 | 10.1
Armour         | 4 5 6 7 9 |  9.1
Dodging        | 1 2 |  2.3
Throwing       | 1 4 |  4.0
Shields        | 5 6 |  6.6
Invocations    | 2 4 7 8 |  8.7

Action                     |  1- 3 |  4- 6 |  7- 9 | 10-12 | 13-15 || total
---------------------------+-------+-------+-------+-------+-------++-------
  Melee: War axe           |   114 |   141 |   263 |   617 |       ||  1135
         Broad axe         |       |       |       |    23 |    67 ||    90
  Throw: Boomerang         |    16 |    71 |    65 |    89 |       ||   241
         Javelin           |       |       |       |    33 |    11 ||    44
 Invoke: Heroism           |       |       |     3 |    34 |     3 ||    40
    Use: Scroll            |     4 |     6 |     9 |    14 |       ||    33
         Potion            |       |     2 |       |     7 |       ||     9
 Armour: Scale mail        |    20 |       |       |       |       ||    20
         Plate armour      |    48 |   133 |   221 |   401 |    53 ||   856
  Dodge: Dodged            |    25 |    59 |    80 |   225 |    20 ||   409
  Block: Buckler           |    19 |    23 |    45 |   139 |    22 ||   248

Table legend:
 A = Non-vault XP
 B = Vault XP
 C = Vault XP percentage of total XP
 D = Non-vault monster count
 E = Vault monster count
 F = Vault count percentage of total count
                 A         B        C        D         E       F
            +---------+---------+-------+---------+---------+-------
      Total |   23295 |   13335 |  36.4 |     239 |      76 |  24.1
            +---------+---------+-------+---------+---------+-------
        D:1 |      26 |       5 |  16.1 |      14 |       3 |  17.6
        D:2 |      19 |       4 |  17.4 |      12 |       3 |  20.0
        D:3 |      46 |      99 |  68.3 |      17 |      11 |  39.3
        D:4 |     161 |      17 |   9.6 |      25 |       4 |  13.8
        D:5 |     528 |       0 |   0.0 |       9 |       0 |   0.0
        D:6 |    1085 |     223 |  17.0 |      23 |       1 |   4.2
        D:7 |    1101 |    1786 |  61.9 |      35 |       6 |  14.6
        D:8 |     870 |       0 |   0.0 |      15 |       0 |   0.0
        D:9 |    1496 |    6241 |  80.7 |      24 |      25 |  51.0
       D:10 |    1591 |    3387 |  68.0 |      11 |       7 |  38.9
     Lair:1 |    4018 |       0 |   0.0 |      14 |       0 |   0.0
     Lair:2 |    5726 |    1428 |  20.0 |      20 |       9 |  31.0
     Lair:3 |    6628 |       0 |   0.0 |      20 |       0 |   0.0
      Sewer |       0 |     145 | 100.0 |       0 |       7 | 100.0
            +---------+---------+-------+---------+---------+-------
